 Dungeon Sprint DCSS version 0.23.0-38-g208d714 (webtiles) character file.

Game seed: 7426905710941915009

2971 Fang the Fighter (level 9, 0/99 HPs)
             Began as a Gargoyle Berserker on Feb 27, 2019.
             Was a High Priest of Trog.
             Slain by a phantasmal warrior (27 damage)
             ... in the Dungeon (Sprint VII: "The Pits").
             The game lasted 00:02:31 (1627 turns).

Fang the Fighter (Gargoyle Berserker)               Turns: 1627, Time: 00:02:31

Health: 0/99       AC: 24    Str: 32    XL:     9   Next: 82%
Magic:  9/9        EV: 13    Int:  8    God:    Trog [*****.]
Gold:   0          SH:  0    Dex: 12    Spells: 8/8 levels left

rFire    . . .     SeeInvis .   t - +2 war axe (chop)
rCold    . . .     Gourm    .   (no shield)
rNeg     + . .     Faith    .   u - +3 plate armour
rPois    ∞         Spirit   .   (no helmet)
rElec    +         Reflect  .   (no cloak)
rCorr    .         Harm     .   (no gloves)
MR       .....     NoTele   +   (no boots)
Stlth    ..........             (no amulet)
HPRegen  0.26/turn              m - +3 ring of strength
MPRegen  0.11/turn              r - +3 ring of dexterity

@: berserking, vulnerable, very quick
A: negative energy resistance 1, electricity resistance, unbreathing,
petrification resistance, rot immunity, AC +6
a: Berserk, Trog's Hand, Brothers in Arms, Renounce Religion


You were in the Dungeon.
You worshipped Trog.
Trog was extremely pleased with you.
You were hungry.

You visited 1 branch

Inventory:

Hand Weapons
 n - a +1 hand axe of freezing
 p - a +2 vampiric battleaxe
 t - a +2 war axe of chopping (weapon)
Armour
 u - a +3 plate armour (worn)
Jewellery
 m - a +3 ring of strength (left hand)
 r - a +3 ring of dexterity (right hand)
Scrolls
 i - a scroll of blinking
 k - 3 scrolls of remove curse
 l - a scroll of summoning
Potions
 a - 2 potions of invisibility
 d - 6 potions of curing
 e - 8 potions of heal wounds
 f - 7 potions of haste
 g - 4 potions of magic
 h - 3 potions of berserk rage
 q - a potion of agility
 s - a potion of brilliance
Comestibles
 b - 4 chunks of flesh
 c - 9 rations


   Skills:
 + Level 12.4 Fighting
 + Level 10.6 Axes
 + Level 12.1 Armour
 + Level 9.6 Dodging


You had 8 spell levels left.
You didn't know any spells.
Your spell library was empty.

Dungeon Overview and Level Annotations

Branches:
Dungeon (1/1)

Altars:


Innate Abilities, Weirdness & Mutations

You are resistant to torment.
Your stone body is resilient. (AC +6)
You are immune to poison.
You resist negative energy. (rN+)
You are resistant to electric shocks. (rElec)
You can survive without breathing.
You are immune to petrification.
You are immune to rotting.


Message History

You are too injured to fight recklessly!
You are too injured to fight recklessly!
You are too injured to fight recklessly!
You are too injured to fight recklessly!
You are too injured to fight recklessly!
You are too injured to fight recklessly!
You are too injured to fight recklessly!
A red film seems to cover your vision as you go berserk!
You feel yourself moving faster!
You feel mighty!
You are feeling hungry.
The cyclops hits you but does no damage.
The phantasmal warrior hits you!!
* * * LOW HITPOINT WARNING * * *
You feel a strong urge to attack something.
You slice the cyclops!!
You kill the cyclops!
Trog accepts your kill.
Your Armour skill increases to level 12!
You hit the phantasmal warrior. The phantasmal warrior hits you!!
You die...

#'###...<...###...##+##.
...##.......# ##........
...##.......###÷)###+###
#####.......##..##.....#
#.. ##########..†.......
#.############..##.....#
#.#....#..[[###..###+###.
#)#)...#..[[# ##W(.......
#.'....'..))# #.@.##+##..
#)#....#..))##..(##
'.#....#...)##..##
################


You could see a phantasmal warrior.

Vanquished Creatures
  A deep elf mage (D)
  A cyclops (D)
  An elephant (D)
  A spriggan (D)
  A ynoxinul (D)
  A wyvern (D)
  A water moccasin (D)
  A floating eye (D)
  A swamp drake (D)
  A phantom (D)
  A necrophage (D)
  A centaur (D)
  9 wights (D)
  An orc wizard (D)
  An iron imp (D)
  An iguana (D)
  2 worker ants (D)
  A gnoll (D)
  2 ufetubi (D)
  A worm (D)
  An orc (D)
  2 hobgoblins (D)
  3 jackals (D)
  2 ball pythons (D)
  A kobold (D)
39 creatures vanquished.

Vanquished Creatures (collateral kills)
  A great orb of eyes (D)
1 creature vanquished.

Grand Total: 40 creatures vanquished

Notes
Turn   | Place    | Note
-------+----------+-------------------------------------------
     0 | D        | Fang the Gargoyle Berserker began the quest for the Orb.
     0 | D        | Reached XP level 1. HP: 14/14 MP: 1/1
    62 | D        | Reached XP level 2. HP: 20/20 MP: 2/2
    68 | D        | Reached ** piety under Trog
   200 | D        | HP: 1/20 [worker ant (5)]
   201 | D        | Reached *** piety under Trog
   201 | D        | Reached XP level 3. HP: 1/25 MP: 3/3
   497 | D        | Noticed a floating eye
   499 | D        | Paralysed by a floating eye for 3 turns
   505 | D        | Paralysed by a floating eye for 4 turns
   509 | D        | Reached skill level 5 in Fighting
   516 | D        | Paralysed by a floating eye for 3 turns
   525 | D        | Reached XP level 4. HP: 11/31 MP: 4/4
   528 | D        | Paralysed by a floating eye for 2 turns
   532 | D        | Killed a floating eye
   532 | D        | Reached **** piety under Trog
   532 | D        | Reached skill level 5 in Axes
   532 | D        | Reached XP level 5. HP: 10/37 MP: 5/5
   780 | D        | Reached skill level 5 in Dodging
   796 | D        | Reached XP level 6. HP: 36/44 MP: 6/6
   815 | D        | Reached ***** piety under Trog
   815 | D        | Received a gift from Trog
   821 | D        | Reached XP level 7. HP: 32/50 MP: 7/7
   859 | D        | Received a gift from Trog
   995 | D        | Noticed a deep elf mage
  1006 | D        | Killed a deep elf mage
  1006 | D        | Reached skill level 10 in Fighting
  1006 | D        | Reached XP level 8. HP: 49/57 MP: 8/8
  1048 | D        | Reached skill level 10 in Armour
  1057 | D        | Received a gift from Trog
  1071 | D        | Noticed a great orb of eyes
  1071 | D        | Noticed a spriggan
  1076 | D        | Paralysed by a great orb of eyes for 4 turns
  1088 | D        | Killed a spriggan
  1091 | D        | Paralysed by a great orb of eyes for 6 turns
  1367 | D        | Killed a great orb of eyes
  1367 | D        | Reached XP level 9. HP: 64/64 MP: 5/9
  1498 | D        | Received a gift from Trog
  1505 | D        | Noticed an elephant
  1514 | D        | Reached skill level 10 in Axes
  1523 | D        | Killed an elephant
  1617 | D        | Noticed a phantasmal warrior
  1617 | D        | Noticed a cyclops
  1627 | D        | Killed a cyclops
  1627 | D        | Slain by a phantasmal warrior

Skill      XL: |  1  2  3  4  5  6  7  8  9 |
---------------+----------------------------+-----
Axes           | 3 4 5 6 7 8 9 10 | 10.6
Armour         | 3 4 6 7 8 9 11 12 | 12.1
Dodging        | 2 3 4 5 6 7 8 9 |  9.6
Fighting       | 4 5 6 7 8 10 11 12 | 12.4

Action                   |  1- 3 |  4- 6 |  7- 9 || total
-------------------------+-------+-------+-------++-------
Melee: Hand axe          |    49 |    42 |    78 ||   169
       War axe           |       |       |    33 ||    33
Invok: Berserk           |     1 |     1 |     2 ||     4
       Brothers in Arms  |       |       |     1 ||     1
  Eat: Chunk             |       |       |     6 ||     6
Armor: Animal skin       |    18 |     1 |       ||    19
       Chain mail        |       |    30 |    52 ||    82
       Plate armour      |       |       |    14 ||    14
Dodge: Dodged            |    27 |    32 |    58 ||   117
